 Dungeon Crawl Stone Soup version 0.17-a0-1793-gcbb3aa1 (webtiles) character file.

48 luca467 the Skirmisher (level 3, -3/27 HPs)
             Began as an Octopode Fighter on Sept 9, 2015.
             Slain by Crazy Yiuf
             ... wielding a +2 quarterstaff of chaos
              (4 damage)
             ... on level 2 of the Dungeon.
             The game lasted 00:06:02 (1198 turns).

luca467 the Skirmisher (Octopode Fighter)           Turns: 1198, Time: 00:06:02

Health: -3/27      AC:  1    Str: 15    XL:     3   Next: 72%
Magic:  3/3        EV: 11    Int: 10    God:
Gold:   82         SH:  8    Dex: 12    Spells: 0 memorised, 2 levels left

rFire  . . .     SeeInvis .     a - +0 long sword
rCold  . . .     Clarity  .     b - +0 shield
rNeg   + . .     SustAt   .     (helmet restricted)
rPois  .         Gourm    .     (no amulet)
rElec  .         Spirit   .     e - ring of invisibility
rCorr  .         Warding  .     j - ring of positive energy
rMut   .         Stasis   .     (no ring)
MR     .....                    (no ring)
Stlth  ++........               (no ring)
                                (no ring)
                                (no ring)
                                (no ring)

@: not resistant to hostile enchantments, unstealthy
A: almost no armour, amphibious, 8 rings, constrict 8, camouflage 1, gelatinous
body 1
a: Evoke Invisibility


You were on level 2 of the Dungeon.
You were not hungry.

You visited 1 branch of the dungeon, and saw 2 of its levels.

You collected 82 gold pieces.

Inventory:

Hand weapons
 a - a +0 long sword (weapon)
Armour
 b - a +0 shield (worn)
Jewellery
 e - a ring of invisibility (left tentacle)
 j - a ring of positive energy (right tentacle)
Scrolls
 g - a scroll of identify
 m - 3 scrolls of enchant armour {unknown}
Potions
 c - 2 potions of might
 f - 3 potions of curing {unknown}
 i - a potion of invisibility {unknown}
 k - a potion of magic {unknown}
Comestibles
 d - a bread ration
 h - a royal jelly


   Skills:
 + Level 3.7 Fighting
 + Level 2.3 Long Blades
 + Level 3.4 Dodging
 + Level 0.4 Stealth
 + Level 3.2 Shields


You had 2 spell levels left.
You didn't know any spells.

Dungeon Overview and Level Annotations

Branches:
Dungeon (2/15)

Altars:

Annotations:
D:2 Crazy Yiuf


Innate Abilities, Weirdness & Mutations

You cannot wear most types of armour.
You are amphibious.
You can wear up to eight rings at the same time.
You can use your tentacles to constrict eight enemies at once.
Your skin changes colour to match your surroundings (Stealth).
Your rubbery body absorbs attacks (AC +1).


Message History

Crazy Yiuf the Enlightened comes into view.
He is wielding a quarterstaff of chaos.
You see here a mace.
You see here a mace.
Crazy Yiuf shouts!
You see here a mace.
You see here a mace.
You barely miss Crazy Yiuf. Your grab misses Crazy Yiuf.
You block Crazy Yiuf's attack.
You hit Crazy Yiuf. You grab Crazy Yiuf.
You squeeze Crazy Yiuf, but do no damage.
Crazy Yiuf is lightly wounded.
You constrict Crazy Yiuf.
Crazy Yiuf hits you with a quarterstaff of chaos!
Crazy Yiuf hits you with a quarterstaff of chaos.
You release your grip on Crazy Yiuf.
Crazy Yiuf whimpers, "Flower!
Seed green shoe."
Crazy Yiuf hits you with a quarterstaff of chaos!
* * * LOW HITPOINT WARNING * * *
Crazy Yiuf burns you.
You die...

............†.......##.....# #.#
.....##.............##.....####..
.....##.....................#...#
.....##.......................#.#
.[...##.......................#.#
..............................#<#
..............................#.)
................................#
................@..........>.####
...............g.............#
...............##.........####
..........................#####
.......###....................#
........###....####...........#
........# ##..## #...........#
.#......# ♣....♣ #.##........#
........# ♣...♣♣ #.........(.###


You could see Crazy Yiuf.

Vanquished Creatures
  An adder (D:2)
  2 worms (D:2)
  3 bats
  3 hobgoblins
  6 jackals (D:2)
  A ball python (D:2)
  2 giant cockroaches
  5 giant newts
  7 goblins
  2 kobolds
  2 rats (D:1)
34 creatures vanquished.

Vanquished Creatures (others)
  4 toadstools (D:1)
4 creatures vanquished.

Grand Total: 38 creatures vanquished

Notes
Turn   | Place    | Note
--------------------------------------------------------------
     0 | D:1      | luca467 the Octopode Fighter began the quest for the Orb.
     0 | D:1      | Reached XP level 1. HP: 16/16 MP: 1/1
   219 | D:1      | Reached XP level 2. HP: 21/21 MP: 2/2
   579 | D:2      | Reached XP level 3. HP: 11/26 MP: 3/3
  1175 | D:2      | Noticed Crazy Yiuf
  1198 | D:2      | HP: 1/27 [Crazy Yiuf/quarterstaff of chaos (9)]
  1198 | D:2      | Slain by Crazy Yiuf

Vault maps used:
D:1:      ldierk_water_garden
D:2:      minmay_item_behind_shaft, uniq_crazy_yiuf_cottage

Action                   || total
-------------------------++-------
Melee: Long sword        ||    68
  Use: Scroll            ||     4
 Stab: Sleeping          ||     3
  Eat: Chunk             ||     1
